 Dungeon Crawl Stone Soup version 0.27-a0-1502-g47ed6a6988 (webtiles) character file.

Game seed: 14715930187292517386

97 ABBCCCDDDD the Ducker (level 5, 0/38 HPs)
             Began as a Djinni Ice Elementalist on July 8, 2021.
             Slain by a water moccasin skeleton (2 damage)
             ... on level 4 of the Dungeon.
             The game lasted 00:07:56 (3248 turns).

ABBCCCDDDD the Ducker (Djinni Ice Elementalist)     Turns: 3248, Time: 00:07:57

Health: 0/38       AC:  2    Str:  7    XL:     5   Next: 0%
Gold:   70         EV: 13    Int: 17    God:
                   SH:  0    Dex: 14

rFire    + + .     SeeInvis .   l - +0 falchion
rCold    x . .     Faith    .   (no shield)
rNeg     . . .     Spirit   .   a - +0 robe
rPois    ∞         Reflect  .   (no helmet)
rElec    .         Harm     .   (no cloak)
rCorr    .         Rampage  .   (no gloves)
Will     .....                  (boots unavailable)
Stlth    ++........             (no amulet)
HPRegen  0.12/turn              (no ring)
MPRegen  0.00/turn              (no ring)

@: flying
A: sickness immunity, fire resistance 2, cold vulnerability 1, float, innate
caster, hp casting, extra vitality 1
a: no special abilities


You were on level 4 of the Dungeon.
You visited 1 branch of the dungeon, and saw 4 of its levels.

You collected 70 gold pieces.

Inventory:

Hand Weapons
 i - a +0 dagger of venom
 l - a +0 falchion (weapon)
Armour
 a - a +0 robe (worn)
 c - a +0 buckler
Magical Staves
 k - a staff of conjuration
Scrolls
 b - 2 scrolls of identify
 d - a scroll of fog
 e - a scroll of teleportation {unknown}
 g - 3 scrolls of enchant armour {unknown}
 j - a scroll of silence {unknown}


   Skills:
 - Level 2.0 Fighting
 + Level 3.6 Dodging
 - Level 1.5 Stealth
 * Level 2.1 Shields
 - Level 3.2 Spellcasting


You couldn't memorise any spells.
You knew the following spells:

 Your Spells              Type           Power      Damage    Failure   Level
a - Freeze                Ice            52%        1d7       4%          1
b - Frozen Ramparts       Ice            26%        1d4       13%         3
c - Ozocubu's Armour      Ice            13%        N/A       13%         3
d - Hailstorm             Conj/Ice       13%        3d5       41%         4
e - Animate Skeleton      Necr           26%        N/A       4%          1
f - Corpse Rot            Necr/Air       N/A        N/A       7%          2
Your spell library was empty.

Dungeon Overview and Level Annotations

Branches:
Dungeon (4/15)             Temple (0/1) D:4

Altars:


Innate Abilities, Weirdness & Mutations

You are immune to sickness and miasma.
You are immune to poison.
Your flesh is very heat resistant. (rF++)
You are vulnerable to cold. (rC-)
You float through the air rather than walking.
You learn spells naturally, not from books.
Your magical power is your life essence.
You have superior vitality. (+4 HP)


Message History

The water moccasin skeleton barely misses you.
You hit the water moccasin skeleton.
The water moccasin skeleton is moderately damaged.
The water moccasin skeleton closely misses you.
You hit the water moccasin skeleton.
The water moccasin skeleton is moderately damaged.
The water moccasin skeleton bites you.
Okay, then.
Okay, then.
Okay, then.
Your +0 dagger of venom stops dripping with poison.
l - a +0 falchion (weapon)
The water moccasin skeleton bites you.
You barely miss the water moccasin skeleton.
The water moccasin skeleton is moderately damaged.
The water moccasin skeleton bites you but does no damage.
You closely miss the water moccasin skeleton.
The water moccasin skeleton is moderately damaged.
The water moccasin skeleton closely misses you.
The water moccasin skeleton bites you but does no damage.
You hit the water moccasin skeleton.
The water moccasin skeleton is heavily damaged.
The water moccasin skeleton bites you.
You hit the water moccasin skeleton.
The water moccasin skeleton is severely damaged.
The water moccasin skeleton bites you. x2
You hit the water moccasin skeleton but do no damage.
The water moccasin skeleton is severely damaged.
The water moccasin skeleton misses you.
You hit the water moccasin skeleton.
The water moccasin skeleton is severely damaged.
The water moccasin skeleton bites you.
* * * LOW HITPOINT WARNING * * *
The water moccasin skeleton bites you but does no damage.
You hit the water moccasin skeleton.
The water moccasin skeleton is severely damaged.
The water moccasin skeleton bites you.
* * * LOW HITPOINT WARNING * * *
The water moccasin skeleton bites you.
You die...

#.)....##.# #.#.###.#
#.###..##.####.#.....#
o.o.....#
#..##......#######
o.#.##..#
#..######.......#
##..# #..# #.#####.#
....###..# #.#
.#......(# #.#
.#.#.##.#######.#
#........Z@......#
##.##.#.#########
#...# ##..#
..###..#### #....>...#
#.####.#.# # #.#l#
#.#.#


You could see a water moccasin skeleton.

Vanquished Creatures
  An orc wizard (D:3)
  An adder (D:2)
  A worm (D:3)
  10 orcs
  5 endoplasms
  A giant cockroach (D:2)
  4 goblins
  5 hobgoblins
  2 quokkas
  6 ball pythons
  2 bats
  4 kobolds
  5 rats
47 creatures vanquished.

Vanquished Creatures (others)
  5 plants (D:4)
5 creatures vanquished.

Grand Total: 52 creatures vanquished

Notes
Turn   | Place    | Note
-------+----------+-------------------------------------------
     0 | D:1      | ABBCCCDDDD the Djinni Ice Elementalist began the quest for
                  | the Orb.
     0 | D:1      | Reached XP level 1. HP: 15/15 MP: 0/0
   394 | D:1      | You are sucked into a shaft and drop 1 floor!
   427 | D:2      | Reached skill level 1 in Fighting
   427 | D:2      | Reached XP level 2. HP: 9/22 MP: 0/0
   898 | D:2      | Reached XP level 3. HP: 21/27 MP: 0/0
   898 | D:2      | Learned a level 1 spell: Animate Skeleton
  1787 | D:3      | Noticed a sky beast
  1922 | D:3      | Reached skill level 1 in Shields
  1923 | D:3      | Reached XP level 4. HP: 18/33 MP: 0/0
  2899 | D:4      | Found a staircase to the Ecumenical Temple.
  3054 | D:4      | Reached XP level 5. HP: 34/38 MP: 0/0
  3054 | D:4      | Learned a level 2 spell: Corpse Rot
  3248 | D:4      | Slain by a water moccasin skeleton

Illustrated notes

Levels and vault maps discovered:
D:1:      shiori_shiawase, layout_rooms, shapermc_ecumenical_altar_notcrosses,
          minmay_lizard_pond
D:2:      layout_rooms
D:3:      layout_loops_ring, nicolae_overflow_crystal_walls
D:4:      black_bear_nest_1, layout_basic, overflow_temple_1_default,
          grunt_temple_overflow_open, minmay_temple_entry_gardened_gates

Skill      XL: |  1  2  3  4 |
---------------+-------------+-----
Fighting       | 1 2 |  2.0
Dodging        | 3 |  3.6
Shields        | 1 2 |  2.1
Stealth        | |  1.5
Spellcasting   | |  3.2

Action                   |  1- 3 |  4- 6 || total
-------------------------+-------+-------++-------
Melee: Dagger            |     7 |    16 ||    23
       Falchion          |       |     7 ||     7
 Cast: Freeze            |    55 |    28 ||    83
  Use: Potion            |       |     2 ||     2
       Scroll            |       |     1 ||     1
 Stab: Sleeping          |     7 |     1 ||     8
Armor: Robe              |     5 |     6 ||    11
Dodge: Dodged            |    32 |    34 ||    66

Table legend: (Time is in decaauts)
 A = Elapsed time spent in this place.
 B = Non-inter-level travel time spent in this place.
 C = Inter-level travel time spent in this place.
 D = Time resting spent in this place.
 E = Time spent auto-exploring this place.
 F = Levels seen in this place.
 G = Mean time per level.
                   A        B        C        D        E       F      G
               +--------+--------+--------+--------+--------+-----+--------+
         Total |   3232 |   3121 |    111 |   1712 |    672 |   4 |  808.0 |
       Dungeon |   3232 |   3121 |    111 |   1712 |    672 |   4 |  808.0 |
               +--------+--------+--------+--------+--------+-----+--------+

Top non-repeatable levels by time:
     D:2: 1645 daAuts
     D:3: 779 daAuts
     D:4: 414 daAuts
     D:1: 393 daAuts
